 Dungeon Sprint DCSS version 0.18-a0-1800-gdc7a371 (webtiles) character file.

266 Moloch the Arsonist (level 6, -5/48 HPs)
             Began as a Deep Elf Fire Elementalist on Apr 24, 2016.
             Slain by a human (6 damage)
             ... in the Dungeon (Sprint III: "The Ten Rune Challenge").
             The game lasted 00:03:03 (448 turns).

Moloch the Arsonist (Deep Elf Fire Elementalist)     Turns: 448, Time: 00:03:04

Health: -5/48      AC:  2    Str: 10    XL:     6   Next: 0%
Magic:  4/19       EV: 13    Int: 22    God:
Gold:   30         SH:  0    Dex: 15    Spells: 3 memorised, 14 levels left

rFire  . . .     SeeInvis .     (no weapon)
rCold  . . .     Gourm    .     a - +0 robe
rNeg   . . .     Faith    .     (no shield)
rPois  .         Spirit   .     (no helmet)
rElec  .         Dismiss  .     (no cloak)
rCorr  .         Reflect  .     (no gloves)
SustAt .         Harm     .     (no boots)
MR     .....     NoTele   +     (no amulet)
Stlth  ..........               (no ring)
                                (no ring)

@: berserking (expiring), very quick, not resistant to hostile enchantments,
extremely unstealthy
A: no striking features
a: no special abilities


You were in the Dungeon.
You were not hungry.

You visited 1 branch You collected 30 gold pieces.

Inventory:

Armour
 a - a +0 robe (worn)
Wands
 k - a wand of slowing (21/48)
Scrolls
 i - a scroll of blinking
 m - a scroll of immolation {unknown}
 n - 4 scrolls of identify
 o - 3 scrolls of random uselessness {unknown}
 s - a scroll of holy word {unknown}
Potions
 d - a potion of curing
 e - a potion of heal wounds
 f - a potion of haste
 g - 2 potions of magic
 l - 2 potions of mutation {unknown}
 q - 3 potions of cure mutation
 r - 2 potions of flight {unknown}
Books
 b - a book of Flames

   Spells                             Type                      Level
   a - Flame Tongue                   Conjuration/Fire             1
   b - Throw Flame                    Conjuration/Fire             2
   c - Conjure Flame                  Conjuration/Fire             3
   d - Inner Flame                    Hexes/Fire                   3
   e - Sticky Flame                   Conjuration/Fire             4
   f - Fireball                       Conjuration/Fire             5
Comestibles
 c - 2 bread rations
 p - a meat ration


   Skills:
 - Level 2.4 Dodging
 - Level 2.4 Stealth
 + Level 8.5 Spellcasting
 * Level 6.3 Conjurations
 + Level 10.4 Fire Magic


You had 14 spell levels left.
You knew the following spells:

 Your Spells              Type           Power        Failure   Level  Hunger
a - Flame Tongue          Conj/Fire      #####        1%          1    None
b - Conjure Flame         Conj/Fire      #####...     1%          3    None
c - Sticky Flame          Conj/Fire      #####...     1%          4    ###....


Dungeon Overview and Level Annotations

Branches:
Dungeon (1/1)

Altars:
Okawaru
Trog
Zin


Message History

You closely miss the human.
The human is lightly wounded.
The human hits you.
* * * LOW HITPOINT WARNING * * *
You punch the human!
The human is moderately wounded.
The human closely misses you.
You hit the human.
The human is heavily wounded.
The human hits you.
* * * LOW HITPOINT WARNING * * *
You closely miss the human.
The human is heavily wounded.
The human barely misses you.
You punch the human!
The human is severely wounded.
You punch the human!
The human is severely wounded.
The human hits you.
You die...

▓<.#..'....♣♣♣ ♣.# ######
▓..#..#......♣ ♣.# _#__[#
▓#'####......♣ ♣♣.# .#..)
▓.....#....≈♣♣ ♣..###+#'###+##
▓....÷#...≈≈♣♣♣♣♣.#..........#
▓....(#..≈≈≈≈..♣..'.⌠........#
▓####'#..≈≈≈≈≈≈♣♣.#.†.######+#
▓....[#.≈≈≈≈≈≈..p.#.⌠.#
▓.....#.≈≈†≈≈..@..#...#
▓.....#.≈≈≈.......#+###
▓'#####÷..........#
▓.................#
▓▓▓▓▓▓▓▓▓▓▓▓▓▓▓▓▓▓▓


You could see a human (berserk).

Vanquished Creatures
  A water elemental (D)
  Jessica (D)
  2 humans (D)
  A wolf (D)
  An ooze (D)
  2 rats (D)
8 creatures vanquished.

Vanquished Creatures (others)
  2 draconian scorchers (D)
  A yaktaur (D)
3 creatures vanquished.

Grand Total: 11 creatures vanquished

Notes
Turn   | Place    | Note
--------------------------------------------------------------
     0 | D        | Moloch the Deep Elf Fire Elementalist began the quest for the Orb.
     0 | D        | Reached XP level 1. HP: 10/10 MP: 6/6
     4 | D        | Reached skill level 4 in Fire Magic
    53 | D        | Noticed Jessica
    70 | D        | Killed Jessica
    70 | D        | Reached skill level 6 in Fire Magic
    70 | D        | Reached XP level 2. HP: 15/15 MP: 4/9
    70 | D        | Reached XP level 3. HP: 19/19 MP: 4/11
   119 | D        | Killed a yaktaur
   131 | D        | Learned a level 3 spell: Conjure Flame
   210 | D        | Reached skill level 5 in Spellcasting
   231 | D        | Killed a white draconian scorcher
   244 | D        | Reached skill level 7 in Fire Magic
   283 | D        | Noticed a water elemental
   284 | D        | Killed a white draconian scorcher
   348 | D        | Killed a water elemental
   348 | D        | Reached skill level 8 in Fire Magic
   348 | D        | Reached XP level 4. HP: 24/24 MP: 5/14
   354 | D        | Learned a level 4 spell: Sticky Flame
   413 | D        | Found a glowing silver altar of Zin.
   417 | D        | Found an iron altar of Okawaru.
   417 | D        | Found a bloodstained altar of Trog.
   417 | D        | Noticed a human
   417 | D        | Noticed a human
   427 | D        | Killed a human
   427 | D        | Reached skill level 10 in Fire Magic
   427 | D        | Reached XP level 5. HP: 28/28 MP: 6/18
   427 | D        | Reached XP level 6. HP: 32/32 MP: 6/19
   443 | D        | HP: 2/48 [human (3)]
   448 | D        | Slain by a human

Vault maps used:
D:        dungeon_sprint_mu

Skill      XL: |  1  2  3  4 |
---------------+-------------+-----
Conjurations   | 3 4 6 |  6.3
Fire Magic     | 6 8 10 | 10.4
Spellcasting   | 4 6 8 |  8.5
Dodging        | |  2.4
Stealth        | |  2.4

Action                   |  1- 3 |  4- 6 || total
-------------------------+-------+-------++-------
Melee: Unarmed           |       |    11 ||    11
 Cast: Flame Tongue      |    16 |     5 ||    21
       Conjure Flame     |     1 |       ||     1
       Sticky Flame      |       |     2 ||     2
  Use: Potion            |       |     1 ||     1
Armor: Robe              |       |     2 ||     2
Dodge: Dodged            |       |     6 ||     6
